 Dungeon Crawl Stone Soup version 0.32-a0-872-g59262bdc9b (webtiles) character file.

Game seed: 17194492430275307702

105 Aneyh the Poker (level 4, -6/29 HPs)
             Began as a Tengu Monk on Mar 30, 2024.
             Killed by nerve-wracking pain
             ... invoked by an orc priest
              (10 damage)
             ... on level 2 of the Dungeon.
             The game lasted 00:02:40 (1470 turns).

Aneyh the Poker (Tengu Monk)                        Turns: 1470, Time: 00:02:40

Health: -6/29      AC:  4    Str: 14    XL:     4   Next: 83%
Magic:  5/5        EV: 12    Int: 10    God:
Gold:   88         SH:  0    Dex: 16    Spells: 3/3 levels left

rFire   . . .        a - +0 trident
rCold   . . .        (no shield)
rNeg    . . .        n - +0 leather armour
rPois   .            (helmet restricted)
rElec   .            (no cloak)
rCorr   .            g - +0 pair of gloves
SInv    .            (boots unavailable)
Will    .....        (no amulet)
Stlth   ++           (no ring)
HPRegen 0.24/turn    (no ring)
MPRegen 0.09/turn

%: acrobat
@: no status effects
A: beak, talons 3, acrobatic
a: Convert to Beogh


You were on level 2 of the Dungeon.
You visited 1 branch of the dungeon, and saw 3 of its levels.

You collected 88 gold pieces.

Inventory:

Hand Weapons
 a - a +0 trident (weapon)
 b - a +1 dagger of speed
 s - a +0 spear
Armour
 d - an orb of light
 g - a +0 pair of gloves (worn)
 l - a +0 robe
 n - a +0 leather armour (worn)
 o - a +0 ring mail
Jewellery
 v - a ring of protection from fire
Scrolls
 e - a scroll of poison {unknown}
 f - 3 scrolls of noise {unknown}
 j - a scroll of enchant armour {unknown}
 p - a scroll of revelation {unknown}
 q - a scroll of identify {unknown}
 u - a scroll of teleportation {unknown}
Potions
 c - a potion of ambrosia
 h - 2 potions of attraction {unknown}
 i - a potion of haste {unknown}
 k - 3 potions of heal wounds {unknown}
 m - 2 potions of mutation {unknown}
 r - 2 potions of berserk rage {unknown}
 t - a potion of enlightenment {unknown}
 w - a potion of magic {unknown}


   Skills:
 + Level 3.7 Fighting
 + Level 4.3 Polearms
 + Level 0.3 Armour
 + Level 4.1 Dodging
 + Level 1.1 Stealth


You had 3 spell levels left.
You didn't know any spells.
Your spell library was empty.

Dungeon Overview and Level Annotations

Branches:
Dungeon (3/15)

Altars:
Xom

Shops:
D:2 !


Innate Abilities, Weirdness & Mutations

You have a beak for a mouth.
You have claws for feet.
You can magically evade attacks while moving or waiting.


Message History

The orc is heavily wounded.
The orc hits you with a +0 war axe!
The orc priest calls upon Beogh to heal the orc.
The orc's wounds heal themselves!
The orc priest shouts, "Surrender to Beogh and we'll let you live!" (press Y on the ability menu to convert to Beogh)
The orc barely misses you.
The orc priest hits you with a +0 falchion!
* * * LOW HITPOINT WARNING * * *
You climb upwards.
There is a stone staircase leading down here.
You barely miss the orc priest.
The orc priest shouts, "Beogh offers mercy even to people such as you.
Join us and be reborn!"
You claw the orc priest.
The orc priest threatens, "Beogh's wrath is as vast as their mercy.
Make your choice!"
You peck the orc priest.
The orc priest is moderately wounded.
The orc barely misses you.
The orc priest hits you with a +0 falchion.
* * * LOW HITPOINT WARNING * * *
You hit the orc priest but do no damage.
You claw the orc priest, but do no damage.
The orc priest threatens, "Beogh's wrath is as vast as their mercy.
Make your choice!"
Your peck misses the orc priest.
The orc priest is moderately wounded.
The orc barely misses you. The orc priest misses you.
You hit the orc priest.
The orc priest is moderately wounded.
The orc misses you.
The orc priest calls down the wrath of Beogh upon you.
You barely resist. You hit the orc priest.
The orc priest shouts, "The Pantheon deserves no one's loyalty.
Let us show you the true path!"
You claw the orc priest, but do no damage.
The orc priest is severely wounded.
The orc hits you with a +0 war axe.
* * * LOW HITPOINT WARNING * * *
The orc priest invokes the aid of Beogh against you.
Pain shoots through your body!
You die...

###########
#.o@......#
####
#..o......#
#...
#.........#
#.##
#.........#
#.#
#...[.....#
#>#
#.........#
#.#
#.........#
#.##
#######.###
###.## #..#
####.....


You could see an orc priest and an orc.

Vanquished Creatures
  A gnoll (D:1)
  2 adders (D:2)
  A dart slug (D:3)
  A ribbon worm (D:3)
  2 orcs (D:3)
  3 ball pythons
  7 endoplasms
  4 giant cockroaches
  5 goblins
  9 hobgoblins
  7 jackals
  2 quokkas
  7 bats
  3 frilled lizards
  5 kobolds
  2 rats
61 creatures vanquished.

Notes
Turn   | Place    | Note
-------+----------+-------------------------------------------
     0 | D:1      | Aneyh the Tengu Monk began the quest for the Orb.
     0 | D:1      | Reached XP level 1. HP: 14/14 MP: 2/2
    85 | D:1      | Reached XP level 2. HP: 19/19 MP: 3/3
   261 | D:1      | Reached XP level 3. HP: 23/23 MP: 4/4
   767 | D:2      | Found Vymec's Distillery.
   793 | D:2      | Reached XP level 4. HP: 29/29 MP: 5/5
   873 | D:2      | Found a shimmering altar of Xom.
  1188 | D:3      | Reached skill level 1 in Stealth
  1470 | D:2      | Killed from afar by an orc priest

Illustrated notes

Levels and vault maps discovered:
D:1:      minmay_arrival_checkered_box, layout_basic
D:2:      layout_rooms, basic_altar, serial_shops, shop
D:3:      layout_basic, serial_rivers, chequers_serial_rivers_small_3,
          chequers_serial_rivers_micro_a, chequers_serial_rivers_large_a,
          chequers_serial_rivers_large_b

Skill      XL: |  1  2  3  4 |
---------------+-------------+-----
Polearms       | 4 |  4.3
Dodging        | 4 |  4.1
Stealth        | 1 |  1.1
Fighting       | |  3.7
Armour         | |  0.3

Action                     |  1- 3 |  4- 6 || total
---------------------------+-------+-------++-------
  Melee: Spear             |    93 |    13 ||   106
         Kick              |    23 |    17 ||    40
         Peck              |     6 |    11 ||    17
         Dagger            |     1 |       ||     1
         Trident           |       |    55 ||    55
   Stab: Sleeping          |     4 |     5 ||     9
 Armour: Robe              |    18 |       ||    18
         Leather armour    |    11 |    30 ||    41
  Dodge: Dodged            |    33 |    43 ||    76

Table legend: (Time is in decaauts)
 A = Elapsed time spent in this place.
 B = Non-inter-level travel time spent in this place.
 C = Inter-level travel time spent in this place.
 D = Time resting spent in this place.
 E = Time spent auto-exploring this place.
 F = Levels seen in this place.
 G = Mean time per level.
                   A        B        C        D        E       F      G
               +--------+--------+--------+--------+--------+-----+--------+
         Total |   1466 |   1419 |     47 |     18 |   1012 |   3 |  488.7 |
       Dungeon |   1466 |   1419 |     47 |     18 |   1012 |   3 |  488.7 |
               +--------+--------+--------+--------+--------+-----+--------+

Top non-repeatable levels by time:
     D:1: 677 daAuts
     D:2: 414 daAuts
     D:3: 374 daAuts
